 Dungeon Crawl Stone Soup version 0.20.0-8-g6b59dc7 (webtiles) character file.

156 torrenera the Cudgeler (level 5, -12/32 HPs)
             Began as a Gargoyle Berserker on May 28, 2017.
             Was a Believer of Trog.
             Mangled by an ogre
             ... wielding a +0 giant club
              (18 damage)
             ... on level 4 of the Dungeon on May 31, 2017.
             The game lasted 00:07:30 (2845 turns).

torrenera the Cudgeler (Gargoyle Berserker)         Turns: 2845, Time: 00:07:30

Health: -12/32     AC:  7    Str: 21    XL:     5   Next: 38%
Magic:  5/5        EV: 11    Int:  8    God:    Trog [**....]
Gold:   162        SH:  0    Dex:  9    Spells: 4/4 levels left

rFire    . . .     SeeInvis .   a - +0 mace
rCold    . . .     Gourm    .   (no shield)
rNeg     + . .     Faith    .   r - +0 leather armour
rPois    ∞         Spirit   .   (no helmet)
rElec    +         Reflect  .   (no cloak)
rCorr    .         Harm     .   (no gloves)
MR       ++...                  (no boots)
Stlth    +.........             (no amulet)
Regen    1.1/turn               (no ring)
MPRegen  0.1/turn               (no ring)

@: regenerating
A: negative energy resistance 1, electricity resistance, unbreathing,
petrification resistance, rot immunity, AC +4
a: Berserk, Trog's Hand, Burn Spellbooks, Renounce Religion


You were on level 4 of the Dungeon.
You worshipped Trog.
Trog was pleased with you.
You were not hungry.

You visited 1 branch of the dungeon, and saw 4 of its levels.

You collected 162 gold pieces.

Inventory:

Hand Weapons
 a - a +0 mace (weapon)
Missiles
 v - 77 stones (quivered)
Armour
 h - a +0 shield
 r - a +0 leather armour (worn)
Jewellery
 y - an uncursed ring of protection from fire {unknown}
Scrolls
 b - a scroll of magic mapping {unknown}
 g - 2 scrolls of remove curse {unknown}
 i - 6 scrolls of identify {unknown}
 k - a scroll of random uselessness {unknown}
 l - a scroll of enchant armour {unknown}
 o - 4 scrolls of teleportation {unknown}
 p - a scroll of fog {unknown}
 q - 2 scrolls of fear {unknown}
 t - 2 scrolls of amnesia {unknown}
 u - 2 scrolls of enchant weapon {unknown}
 z - a scroll of immolation {unknown}
Potions
 e - 2 potions of invisibility {unknown}
 j - a potion of haste {unknown}
 n - 2 potions of might {unknown}
 s - a potion of lignification {unknown}
 w - a potion of brilliance {unknown}
Comestibles
 c - a bread ration
 d - a royal jelly
 f - 2 meat rations
 m - 4 chunks of flesh
 x - 2 fruits


   Skills:
 - Level 3.2 Fighting
 + Level 5.9 Maces & Flails
 - Level 2.1 Armour
 - Level 1.5 Dodging


You had 4 spell levels left.
You didn't know any spells.

Dungeon Overview and Level Annotations

Branches:
Dungeon (4/15)
 Temple: D:4-7

Altars:
Qazlal
Sif Muna


Innate Abilities, Weirdness & Mutations

You are resistant to torment.
Your stone body is resilient. (AC +4)
You are immune to poison.
You resist negative energy. (rN+)
You are resistant to electric shocks. (rElec)
You can survive without breathing.
You are immune to petrification.
You are immune to rotting.


Message History

You sock the ogre!
The ogre is moderately wounded.
The ogre barely misses you.
You sock the ogre!
The ogre is severely wounded.
The ogre hits you with a giant club!
Ouch! That really hurt!
You sock the ogre!
The ogre is almost dead.
The ogre barely misses you.
You barely miss the ogre.
The ogre is almost dead.
The ogre hits you with a giant club!
* * * LOW HITPOINT WARNING * * *
You see here 13 gold pieces.
Your skin crawls.
You feel resistant to hostile enchantments.
You feel somewhat more hungry. The ogre hits you with a giant club!!
Ouch! That really hurt!
You die...

# #.# #........ ##. #.#
#.......... ##... #.#
##.......... #.....#.####
##..........
#.......$..####..........
#.....###..#.#.........##..
#.... #...#.............
#.#. #.O###..(.....## #.#
#..@#........## #.#
####.............### #.#
..)...............^.. #)#
####.......#.#...#### #.#
#.......#.##.## #.#
#.......#.# .#
#<#######[##....... .#
#.........#######.# ##
########### #.#


You could see an ogre.

Vanquished Creatures
  3 gnolls (D:2)
  2 adders
  An ooze (D:2)
  4 worms
  5 dart slugs
  4 leopard geckos
  2 orcs
  A ball python (D:1)
  5 giant cockroaches
  7 goblins
  6 hobgoblins
  11 jackals
  7 kobolds
  A quokka (D:4)
  5 bats
  5 frilled lizards
  4 rats
73 creatures vanquished.

Notes
Turn   | Place    | Note
-------+----------+-------------------------------------------
     0 | D:1      | torrenera the Gargoyle Berserker began the quest for the Orb.
     0 | D:1      | Reached XP level 1. HP: 14/14 MP: 1/1
   126 | D:1      | Reached XP level 2. HP: 4/19 MP: 2/2
   794 | D:1      | Reached skill level 4 in Maces & Flails
   908 | D:1      | Upgraded the game from 0.20.0-6-gd3061e9 to 0.20.0-8-g6b59dc7
  1016 | D:2      | Reached XP level 3. HP: 22/23 MP: 3/3
  1103 | D:2      | Reached XP level 4. HP: 23/28 MP: 4/4
  1202 | D:2      | Reached skill level 5 in Maces & Flails
  1251 | D:2      | Reached ** piety under Trog
  1752 | D:2      | Found a deep blue altar of Sif Muna.
  2026 | D:3      | Found a stormy altar of Qazlal.
  2144 | D:3      | Reached XP level 5. HP: 32/32 MP: 5/5
  2816 | D:4      | Reached *** piety under Trog
  2830 | D:4      | Noticed an ogre
  2845 | D:4      | Mangled by an ogre

Skill      XL: |  1  2  3  4 |
---------------+-------------+-----
Maces & Flails | 4 5 |  5.9
Fighting       | |  3.2
Armour         | |  2.1
Dodging        | |  1.5

Action                   |  1- 3 |  4- 6 || total
-------------------------+-------+-------++-------
Melee: Mace              |    80 |   179 ||   259
Invok: Berserk           |     2 |       ||     2
       Trog's Hand       |       |     2 ||     2
  Eat: Chunk             |     2 |     7 ||     9
Armor: Animal skin       |    24 |       ||    24
       Leather armour    |     5 |    69 ||    74
Dodge: Dodged            |    58 |   126 ||   184
